 Dungeon Crawl Stone Soup version bcrawl-1.34.5 (console) character file.

Game seed: 8394867766080377812

286485 GodsVoicemail the Archer (level 10, 54/83 HPs)
             Began as a Centaur Hunter on Dec 8, 2021.
             Was an Elder of Fedhas.
             Starved to death
             ... while paralysed
             ... on level 9 of the Dungeon on Dec 9, 2021.
             The game lasted 00:43:43 (9397 turns).

GodsVoicemail the Archer (Centaur Hunter)           Turns: 9397, Time: 00:43:44

Health: 54/83      AC:  6    Str: 16 (19) XL:     10   Next: 43%
Magic:  13/13      EV:  1    Int: 13      God:    Fedhas [****..]
Gold:   433        SH:  0    Dex: 18 (19) Spells: 9/9 levels left

rFire    . . .     SeeInvis .   a - +10 short sword {flame, *Rage rN+ Int+2 Dex+2}
rCold    . . .     Gourm    .   (no shield)
rNeg     + . .     Faith    .   B - +1 robe "Gaferhaj" {rC- MR+ Dex+6}
rPois    .         Spirit   .   (no helmet)
rElec    .         Reflect  .   p - +0 cloak
rCorr    .         Harm     .   (no gloves)
MR       +....     Rnd*Rage +   (no barding)
Stlth    +.........             (no amulet)
HPRegen  0.23/turn              E - ring of protection from cold
MPRegen  0.13/turn              (no ring)

@: paralysed, fainting, very quick
A: large, hooves 3, deformed body, herbivore, speed 2, tough skin 3
a: Fungal Bloom, Sunlight, Evolution, Growth, Reproduction, Renounce Religion


You were on level 9 of the Dungeon.
You worshipped Fedhas.
Fedhas was greatly pleased with you.
You were fainting.

You visited 1 branch of the dungeon, and saw 9 of its levels.

You collected 578 gold pieces.
You spent 145 gold pieces at shops.

Inventory:

Hand Weapons
 a - the +10 short sword of Rouwurek (weapon) {flame, *Rage rN+ Int+2 Dex+2}
   (You found it on level 6 of the Dungeon)

   It has been specially enchanted to surge with flame as it hits, increasing
   damage dealt by approximately one third against foes not resistant or
   susceptible to fire.
   It affects your intelligence (+2).
   It affects your dexterity (+2).
   It protects you from negative energy.
   It may make you go berserk in combat.
 b - a +2 shortbow
 l - a +0 blowgun
 w - a +2 hunting sling of freezing
Missiles
 d - 787 arrows
 f - 1488 stones (quivered)
 j - 764 bolts
 t - 60 curare-tipped needles
 v - 292 poisoned needles
Armour
 p - a +0 cloak (worn)
 x - a +2 chain mail of fire resistance
 B - the +1 robe "Gaferhaj" (worn) {rC- MR+ Dex+6}
   (You found it on level 5 of the Dungeon)

   It affects your dexterity (+6).
   It makes you vulnerable to cold.
   It affects your resistance to hostile enchantments.
Jewellery
 z - an uncursed ring of ice
 E - a ring of protection from cold (left hand)
Wands
 c - a wand of polymorph (8)
 G - a wand of acid (2)
Scrolls
 i - 7 scrolls of identify
 k - 3 scrolls of remove curse
 m - 5 scrolls of enchant armour
 q - 5 scrolls of teleportation
 r - 2 scrolls of magic mapping
 u - 2 scrolls of fog
 y - a scroll of enchant weapon
 F - 2 scrolls of blinking
Potions
 g - a potion of magic
 o - a potion of might {unknown}
 s - 2 potions of degeneration
 A - a potion of resistance {unknown}
 C - a potion of mutation {unknown}
 D - a potion of brilliance {unknown}


   Skills:
 - Level 6.2 Fighting
 * Level 12.7 Bows
 - Level 2.0 Throwing
 - Level 0.4 Armour
 - Level 3.0 Dodging
 - Level 0.5 Stealth
 * Level 9.3 Unarmed Combat
 - Level 3.0 Invocations
 + Level 4.0 Evocations


You had 9 spell levels left.
You didn't know any spells.
Your spell library was empty.

Dungeon Overview and Level Annotations

Branches:
Dungeon (9/12)             Temple (0/1) D:5
   Lair: D:7-9          Orc: D:8-11

Altars:
Cheibriados
Fedhas
Gozag
Nemelex Xobeh

Shops:
D:5 *

Annotations:
D:4 exclusion: downstairs
D:5 Dowan, Duvessa
D:6 exclusion: upstairs, Prince Ribbit, Sigmund
D:7 Joseph


Innate Abilities, Weirdness & Mutations

You have hooves in place of feet.
Armour fits poorly on your strangely shaped body.
You are a herbivore.
You cover ground very quickly.
You have extremely tough skin. (AC +3)


Message History

a +0 mace; a +0 dagger; a +0 robe; a +0 short sword You are no longer berserk.
You are exhausted.
You feel yourself slow down.
Things that are here:
a +0 mace; an orc corpse
As you read the scroll labeled NAVIONYEDE, it crumbles to dust.
You assume a fearsome visage.
Nothing appears to happen.
It was a scroll of fear.
Found an escape hatch in the ceiling.
You now have 433 gold pieces (gained 20).
Your magical contamination has completely faded away.
You lose consciousness!
You feel yourself speed up.
You can move again.
You recover from your berserk rage.
You lose consciousness!
You have starved to death.
You die...
Fedhas appreciates your contribution to the ecosystem.

#..# #..# #.)#
#..####### #..#
#........# #..#
#...####.#
#..#####...# #.#
#..).......# #.#
#..........# #.#
##...#...#..# #.#
.##.##...##.# #@#
8.###..8..### #.#
.).'.......# #.#
#..#..#รท#..# #.#
##.#.##.##.# #.#
.#.#.#...#.# #.#
.#.#.#...#.# #.#
##.#.##)##.#####.#
#..#..#'#..#.....#


There were no monsters in sight!

Vanquished Creatures
  A troll (D:8)
  8 yaks (D:9)
  A wyvern (D:7)
  A fire bat (shapeshifter) (D:8)
  2 hungry ghosts
  A warg (D:9)
  A crocodile (D:8)
  2 water moccasins (D:8)
  3 sky beasts
  2 phantoms
  2 ice beasts
  A necrophage (D:8)
  4 orc warriors (D:9)
  4 ogres
  A big kobold (D:8)
  A bullfrog (D:7)
  2 scorpions
  5 wights (D:7)
  3 orc priests
  5 crimson imps
  3 bullfrog zombies
  2 hounds
  3 centaur skeletons
  2 bullfrog skeletons
  2 iguanas
  5 orc wizards
  7 worker ants
  A hound zombie (D:6)
  A hound skeleton (D:7)
  A worker ant zombie (D:7)
  8 gnolls
  7 adders
  2 shadow imps
  2 adder skeletons
  5 worms
  A dart slug (D:1)
  5 leopard geckos
  18 orcs
  2 ball pythons (D:2)
  A giant cockroach (D:2)
  9 hobgoblins
  2 jackals (D:8)
  10 kobolds
  6 quokkas
  4 bats
  5 frilled lizards
  6 goblins
  A jackal skeleton (D:4)
  7 rats
178 creatures vanquished.

Vanquished Creatures (others)
  13 toadstools
13 creatures vanquished.

Grand Total: 191 creatures vanquished

Notes
Turn   | Place    | Note
-------+----------+-------------------------------------------
     0 | D:1      | GodsVoicemail the Centaur Hunter began the quest for the
                  | Orb.
     0 | D:1      | Reached XP level 1. HP: 17/17 MP: 1/1
    47 | D:1      | Reached skill level 1 in Unarmed Combat
    99 | D:1      | Reached XP level 2. HP: 24/24 MP: 2/2
   860 | D:2      | Reached skill level 6 in Bows
   924 | D:2      | Found a sparkling altar of Nemelex Xobeh.
   934 | D:2      | Reached XP level 3. HP: 28/29 MP: 3/3
  1284 | D:2      | Noticed a sky beast
  1362 | D:2      | Found a blossoming altar of Fedhas.
  1501 | D:2      | Killed a sky beast
  1502 | D:2      | Reached skill level 1 in Throwing
  1502 | D:2      | Reached XP level 4. HP: 34/37 MP: 4/4
  1502 | D:2      | Reached XP level 5. HP: 41/44 MP: 5/5
  1630 | D:2      | Noticed a sky beast
  1847 | D:2      | Killed a sky beast
  1848 | D:2      | Reached skill level 7 in Bows
  2198 | D:2      | Became a worshipper of Fedhas Madash
  2238 | D:3      | Reached XP level 6. HP: 51/51 MP: 6/6
  2848 | D:3      | Found an opulent altar of Gozag.
  3253 | D:4      | Noticed an ice beast
  3293 | D:4      | Killed an ice beast
  3294 | D:4      | Reached skill level 1 in Invocations
  3906 | D:4      | Reached XP level 7. HP: 57/57 MP: 8/8
  4347 | D:5      | Entered Level 5 of the Dungeon
  4555 | D:5      | Found a staircase to the Ecumenical Temple.
  4664 | D:5      | Found Paomud's Assorted Antiques.
  4669 | D:5      | Bought a steel ring for 145 gold pieces
  4706 | D:5      | Reached skill level 8 in Bows
  4904 | D:5      | Got a transparent robe
  4905 | D:5      | Identified the +1 robe "Gaferhaj" {rC- MR+ Dex+6} (You
                  | found it on level 5 of the Dungeon)
  5169 | D:5      | Noticed Duvessa
  5286 | D:5      | Reached * piety under Fedhas
  5350 | D:6      | Reached skill level 5 in Unarmed Combat
  5502 | D:5      | Noticed Dowan
  5640 | D:6      | Found a blossoming altar of Fedhas.
  5641 | D:6      | Found a snail-covered altar of Cheibriados.
  5652 | D:6      | Noticed Sigmund
  5841 | D:6      | Reached XP level 8. HP: 66/66 MP: 10/10
  5843 | D:6      | Got a brightly glowing short sword
  5844 | D:6      | Identified the +10 short sword of Rouwurek {flame, *Rage
                  | rN+ Int+2 Dex+2} (You found it on level 6 of the Dungeon)
  5876 | D:6      | Reached skill level 9 in Bows
  6039 | D:6      | Noticed Prince Ribbit
  6413 | D:7      | Reached skill level 5 in Fighting
  6550 | D:7      | Reached ** piety under Fedhas
  6551 | D:7      | Reached skill level 10 in Bows
  6997 | D:7      | Noticed Joseph
  7062 | D:7      | Reached XP level 9. HP: 75/75 MP: 11/11
  7413 | D:8      | Noticed a meliai
  7414 | D:8      | a meliai changed into a shapeshifter
  7545 | D:8      | Reached skill level 1 in Evocations
  7600 | D:8      | Reached *** piety under Fedhas
  7737 | D:8      | Reached skill level 11 in Bows
  8104 | D:8      | Noticed a troll
  8358 | D:8      | Killed a troll
  8850 | D:9      | Reached **** piety under Fedhas
  8851 | D:9      | Reached XP level 10. HP: 67/83 MP: 12/12
  8908 | D:9      | Reached skill level 12 in Bows
  9359 | D:9      | Paralysed by fainting for 10 turns
  9391 | D:9      | Paralysed by fainting for 7 turns
  9397 | D:9      | Starved to death

Skill      XL: |  1  2  3  4  5  6  7  8  9 10 |
---------------+-------------------------------+-----
Unarmed Combat | 1 2 3 4 5 6 8 9 |  9.3
Bows           | 6 7 8 10 11 12 | 12.7
Throwing       | 1 2 |  2.0
Fighting       | 3 4 6 |  6.2
Invocations    | 1 2 3 |  3.0
Evocations     | 2 4 |  4.0
Dodging        | 2 3 |  3.0
Armour         | |  0.4
Stealth        | |  0.5

Action                   |  1- 3 |  4- 6 |  7- 9 | 10-12 || total
-------------------------+-------+-------+-------+-------++-------
Melee: Short sword       |   100 |     2 |    91 |    53 ||   246
       Kick              |    23 |     5 |    52 |     8 ||    88
       Unarmed           |       |    38 |    53 |       ||    91
       Punch             |       |       |     4 |     3 ||     7
 Fire: Shortbow          |    22 |    28 |    55 |    29 ||   134
       Hunting sling     |       |    92 |   220 |    17 ||   329
Throw: Stone             |    88 |     8 |     7 |       ||   103
Invok: Fungal Bloom      |       |     8 |     1 |       ||     9
Evoke: Wand              |       |       |     1 |       ||     1
  Use: Scroll            |       |       |    12 |     1 ||    13
       Potion            |       |       |       |     4 ||     4
 Stab: Sleeping          |       |       |     1 |       ||     1
       Invisible         |       |       |       |     5 ||     5
  Eat: Ration            |     2 |     2 |     7 |       ||    11
Armor: Leather armour    |    16 |       |       |       ||    16
       Scale mail        |    11 |    16 |       |       ||    27
       Robe              |       |       |    33 |       ||    33
       Chain mail        |       |       |     7 |       ||     7
       Skin              |       |       |       |    16 ||    16
Dodge: Dodged            |    34 |     7 |    44 |    16 ||   101
